[Event "Early-Titled-Tuesday-Blitz-March-19-2024"]
[Site "Chess.com"]
[Date "2024.03.19"]
[Round "10"]
[White "Flaccidmoves"]
[Black "GMAneta"]
[Result "1-0"]
[WhiteElo "2446"]
[BlackElo "2619"]
[TimeControl "180+1"]
[EndTime "9:54:56 PDT"]
[Termination "Flaccidmoves won on time"]

1. c4 Nf6 2. Nc3 g6 3. e4 d6 4. d4 Bg7 5. Nf3 O-O 6. h3 Nbd7 7. Bd3 e5 8. d5 Nc5 9. Bc2 a5 10. Rb1 c6 11. O-O cxd5 12. cxd5 Bd7 13. Be3 Rc8 14.
Nd2 b5 15. a4 bxa4 16. Ra1 Qb6 17. Nc4 Qa6 18. Na3 Rb8 19. Bxc5 dxc5 20. Bxa4 Rxb2 21.
Bxd7 Nxd7 22. d6 Rb4 23. Nc2 Nb6 24. Nxb4 cxb4 25. Nd5 Nc4 26. d7 Rd8 27. Nxb4 Qb5 28. Nd5 Rxd7 29. Rb1 Qc6 30. Rb8+ Bf8 31. Qc1 a4 32.
Qh6 Qc5 33. Nf6+ 1-0

[Event "Early-Titled-Tuesday-Blitz-March-19-2024"]
[Site "Chess.com"]
[Date "2024.03.19"]
[Round "10"]
[White "GoltsevDmitry2000"]
[Black "LLariMarc"]
[Result "1-0"]
[WhiteElo "2765"]
[BlackElo "2471"]
[TimeControl "180+1"]
[EndTime "9:54:57 PDT"]
[Termination "GoltsevDmitry2000 won by checkmate"]

1. e4 e6 2. d4 d5 3. exd5 exd5 4. Nf3 Bd6 5. c4 dxc4 6. Bxc4 Nf6 7. O-O O-O 8. Nc3 c6 9. Bg5 Nbd7 10. Re1 h6 11. Bh4 Re8 12. Qb3 Rxe1+ 13. Rxe1 Qf8 14. Ne5 Bxe5 15.
dxe5 Nc5 16. Qc2 Ne8 17. b4 Be6 18. bxc5 Bxc4 19. Ne4 Bd5 20. Nd6 b6 21. Nf5 Qxc5 22.
Qd2 Qc4 23. h3 Kh7 24. Bf6 Nxf6 25. exf6 Be6 26. Nxg7 Qd5 27. Qf4 Qg5 28. Nxe6 fxe6 29. Qc7+ Kg6 30. Qg7+ Kf5 31. g4+ Kf4 32. Qd7 Qxf6 33. Qd2+ Kf3 34. Qe3# 1-0

[Event "Early-Titled-Tuesday-Blitz-March-19-2024"]
[Site "Chess.com"]
[Date "2024.03.19"]
[Round "10"]
[White "ikhasu"]
[Black "aistrel"]
[Result "1/2-1/2"]
[WhiteElo "2512"]
[BlackElo "2649"]
[TimeControl "180+1"]
[EndTime "9:54:57 PDT"]
[Termination "Game drawn by repetition"]

1. d4 d5 2. Nf3 c6 3. b3 Bf5 4. Bb2 Nf6 5. Nbd2 Ne4 6. g3 Qc8 7. Nxe4 Bxe4 8. Bg2 Nd7 9. O-O Nf6 10.
c4 e6 11. Rc1 Bd6 12. Ne5 Bxg2 13. Kxg2 O-O 14. f3 Rd8 15. Qc2 Qc7 16. Nd3 Rac8 17. Rce1 c5 18. dxc5 Bxc5 19. Bxf6 gxf6 20. cxd5 Rxd5 21.
Rc1 a5 22. Qb2 Qe7 23. Rc4 b6 24. Rg4+ Rg5 25. Rf4 Kg7 26. Rc1 Rd8 27. h4 Rgd5 28. Rg4+ Kh8 29. Rgc4 Rg8 30. Nf4 Rf5 31. Nd3 Be3 32.
g4 Qd6 33. Rc6 Qd5 34. Rc8 Bxc1 35. Rxg8+ Kxg8 36. Qxc1 Rxf3 37. exf3 Qxd3 38. h5 Kg7 39. Kg3 Qd6+ 40. Kg2 Qd3 41. Kg3 Qd6+ 42. Kg2 Qd3 1/2-1/2

[Event "Early-Titled-Tuesday-Blitz-March-19-2024"]
[Site "Chess.com"]
[Date "2024.03.19"]
[Round "10"]
[White "Chernov_Alexander_A"]
[Black "Dewarfd"]
[Result "0-1"]
[WhiteElo "2262"]
[BlackElo "2096"]
[TimeControl "180+1"]
[EndTime "9:54:57 PDT"]
[Termination "Dewarfd won by checkmate"]

1. d4 Nf6 2. Nf3 g6 3. Nc3 d5 4.
Bg5 Bg7 5. e3 O-O 6. Bd3 c5 7.
O-O b6 8. Re1 c4 9. Bf1 Nfd7 10.
Nxd5 f6 11. Bh4 Bb7 12. Bxc4 Kh8 13. Bb3 a5 14. a4 Nc6 15. Bg3 e5 16. dxe5 fxe5 17.
e4 Nc5 18. Bc4 Bc8 19. h3 Ne6 20. c3 Nc5 21. Bb5 Na7 22. Bc4 Nc6 23. Bh4 Qd6 24.
Nxb6 Qxd1 25. Raxd1 Rb8 26. Nxc8 Rfxc8 27. Bb5 Na7 28. c4 Nxb5 29. axb5 Na4 30. b3 Nc5 31. Rc1 Nd3 32. Kf1 Nxe1 33. Nxe1 a4 34. bxa4 Ra8 35.
c5 Rxa4 36. b6 Rb4 37. Be7 Rxb6 38. cxb6 Rxc1 39. Bd6 Rb1 40. Bc7 Bf8 41. Bxe5+ Kg8 42. Bd4 Bb4 43. b7 Rxe1# 0-1

[Event "Early-Titled-Tuesday-Blitz-March-19-2024"]
[Site "Chess.com"]
[Date "2024.03.19"]
[Round "10"]
[White "BilodeauA"]
[Black "DenLaz"]
[Result "0-1"]
[WhiteElo "3058"]
[BlackElo "3120"]
[TimeControl "180+1"]
[EndTime "9:54:58 PDT"]
[Termination "DenLaz won on time"]

1. e4 e5 2. Nf3 Nc6 3. Bc4 Bc5 4. d3 Nf6 5. h3 d6 6. a3 a6 7. Be3 Bxe3 8. fxe3 Be6 9. Nc3 O-O 10. Qe2 Ne7 11.
O-O Ng6 12. Ng5 Bxc4 13. dxc4 Qe7 14. Rad1 Rad8 15. Nf3 c6 16. Rd2 Rd7 17. Rfd1 Rfd8 18. Kh2 h6 19. Qf2 Qe6 20. b3 b5 21. cxb5 axb5 22.
Nh4 Nxh4 23. Qxh4 d5 24. exd5 cxd5 25. Nxb5 Qb6 26. c4 Qxe3 27. cxd5 Qxb3 28. a4 Rxd5 29.
Rxd5 Rxd5 30. Rxd5 Qxd5 31. Qb4 e4 32. Qd4 Qf5 33.
Nc3 Kh7 34. Kg1 h5 35. Nd1 Nd5 36. a5 Nf4 37. Qf2 Qg5 38. Kh2 Nd3 39. Qe3 Qe5+ 40. Kg1 f5 41. a6 f4 42. Qb6 e3 43. Qb1 e2 44. Qxd3+ g6 0-1

[Event "Early-Titled-Tuesday-Blitz-March-19-2024"]
[Site "Chess.com"]
[Date "2024.03.19"]
[Round "10"]
[White "Saxar85"]
[Black "AccioChess"]
[Result "1-0"]
[WhiteElo "2736"]
[BlackElo "2484"]
[TimeControl "180+1"]
[EndTime "9:54:58 PDT"]
[Termination "Saxar85 won on time"]

1. e4 c5 2. Nf3 Nc6 3. Nc3 e5 4. Bc4 Be7 5. d3 Nf6 6. O-O O-O 7. h3 d6 8. a3 h6 9. Bd2 Be6 10. Nd5 Bxd5 11. exd5 Nb8 12. b4 Nbd7 13. Re1 cxb4 14. axb4 Nb6 15. Bb3 Nbxd5 16. d4 e4 17. Nh2 Nb6 18. c4 d5 19. c5 Nbd7 20. Ng4 Nxg4 21. Qxg4 Nf6 22. Qg3 Kh8 23. Qh2 Qd7 24. Ba4 Qc8 25.
Bf4 b6 26. Be5 bxc5 27. bxc5 Nd7 28. Bd6 Bxd6 29. Qxd6 Nf6 30. Rab1 Rb8 31. Qe7 Kg8 32. c6 Rxb1 33. Rxb1 Re8 34. Qc5 Qa6 35. c7 Qxa4 36. Rb8 Kh7 37. Rxe8 1-0

[Event "Early-Titled-Tuesday-Blitz-March-19-2024"]
[Site "Chess.com"]
[Date "2024.03.19"]
[Round "10"]
[White "Kacparov"]
[Black "jk13"]
[Result "1-0"]
[WhiteElo "2919"]
[BlackElo "2689"]
[TimeControl "180+1"]
[EndTime "9:55:00 PDT"]
[Termination "Kacparov won by checkmate"]

1. e4 e5 2. Nf3 Nc6 3. Bc4 Bc5 4. c3 Nf6 5. d3 O-O 6. Bb3 d5 7. Nbd2 h6 8. h3 Re8 9. Nh2 Be6 10. Qf3 a5 11.
Ng4 a4 12. Nxf6+ Qxf6 13. Qxf6 gxf6 14. Bxd5 Rad8 15. Bxc6 bxc6 16. Ke2 Rd7 17. Nf3 Red8 18. Rd1 Rb8 19. g4 Kg7 20. Nh4 Kh7 21. Ng2 Bf8 22. f4 Rd6 23. f5 Bc8 24. Rb1 Ba6 25. c4 c5 26. Bd2 h5 27. Ne3 Rdb6 28. Bc3 c6 29.
gxh5 Be7 30. Rg1 Kh6 31. Kd2 R6b7 32. Kc2 Rd8 33. Rg3 Rbd7 34. Ba5 Ra8 35. Rbg1 Bf8 36. Rg8 Kh7 37. Ng4 Rd6 38. Bc7 Kxg8 39. Nxf6+ Kh8 40.
Rg8# 1-0

[Event "Early-Titled-Tuesday-Blitz-March-19-2024"]
[Site "Chess.com"]
[Date "2024.03.19"]
[Round "10"]
[White "GeorgiosSouleidis"]
[Black "ImportedItalianMaple"]
[Result "1-0"]
[WhiteElo "2685"]
[BlackElo "2535"]
[TimeControl "180+1"]
[EndTime "9:55:01 PDT"]
[Termination "GeorgiosSouleidis won by resignation"]

1. e4 g6 2. d4 Bg7 3. Nf3 d5 4. exd5 Qxd5 5. Nc3 Qd8 6. Bg5 Nf6 7. Qd2 O-O 8.
O-O-O Bg4 9. Be2 c6 10. h3 Bxf3 11. Bxf3 a5 12. h4 h5 13. Bxf6 exf6 14. g4 hxg4 15. Bxg4 f5 16. Bf3 Qf6 17. Qf4 a4 18. a3 Ra5 19.
Rhg1 Kh7 20. Kb1 Bh6 21. Qc7 Qd8 22. Qxb7 Ra6 23. Qb4 Rb6 24. Qc4 Nd7 25. Nxa4 Rb8 26. h5 Nb6 27. hxg6+ fxg6 28. Nxb6 Rxb6 29. Bxc6 Qd6 30.
Ba4 Qxa3 31. Qc7+ Bg7 32. Rh1+ Kg8 33. Qxb6 Qxa4 34. Qb3+ Rf7 35. Qxa4 1-0

[Event "Early-Titled-Tuesday-Blitz-March-19-2024"]
[Site "Chess.com"]
[Date "2024.03.19"]
[Round "10"]
[White "javirec"]
[Black "UnTucopalaTimba"]
[Result "1-0"]
[WhiteElo "2254"]
[BlackElo "2003"]
[TimeControl "180+1"]
[EndTime "9:55:01 PDT"]
[Termination "javirec won on time"]

1. e4 c6 2. d4 d5 3. f3 e6 4. Nc3 Bb4 5. Bd3 Ne7 6. Ne2 Nd7 7. O-O O-O 8. Be3 Qc7 9. a3 Ba5 10. Qe1 a6 11. b4 Bb6 12. Na4 Ba7 13. c3 e5 14. Nc5 Rb8 15. Rc1 a5 16. exd5 Nxd5 17. Bd2 Nxc5 18. Qh4 Nxd3 19. Rcd1 exd4 20. c4 Nf6 21. Bg5 Ne5 22. c5 d3 23. Ng3 Nd5 24. Ne4 Bf5 25. Nd6 Bg6 26. f4 Ne3 27. fxe5 Nxf1 28.
Rxf1 axb4 29. axb4 Qd7 30. Be7 Rfe8 31. Nxe8 Rxe8 32.
Bd6 b6 33. Qd4 bxc5 34. bxc5 Bb8 35. h4 Bxd6 36. cxd6 Rd8 37. g4 h6 38. h5 Bh7 39.
Ra1 c5 40. Qf4 c4 41. Qxc4 Rc8 42. Qd4 g6 43. Ra7 1-0

[Event "Early-Titled-Tuesday-Blitz-March-19-2024"]
[Site "Chess.com"]
[Date "2024.03.19"]
[Round "10"]
[White "Fh2411"]
[Black "ajeale2"]
[Result "1-0"]
[WhiteElo "2615"]
[BlackElo "2447"]
[TimeControl "180+1"]
[EndTime "9:55:03 PDT"]
[Termination "Fh2411 won on time"]

1. d4 d5 2. Nf3 Nf6 3. Bf4 e6 4. e3 Bd6 5. Nbd2 O-O 6. c3 Bxf4 7.
exf4 c5 8. Bd3 Qc7 9. g3 b6 10.
O-O Ba6 11. Qe2 Bxd3 12. Qxd3 Nc6 13. Rfe1 cxd4 14. Nxd4 Nxd4 15. Qxd4 Qc5 16. Nb3 Qxd4 17. Nxd4 g6 18. f3 Rac8 19. g4 Rfe8 20. Re3 Kf8 21. Rae1 h5 22. h3 hxg4 23. hxg4 Nd7 24. Kg2 Kg7 25. Nb5 Rc5 26. Nd4 Rg8 27. Kf2 Kf6 28. Rh1 Kg7 29. Kg3 Rcc8 30. Re2 Rh8 31. Rhe1 Rh7 32. Rh2 Rxh2 33. Kxh2 Rh8+ 34. Kg3 Rc8 35. Re2 Nc5 36. f5 gxf5 37. gxf5 Kf6 38. fxe6 Nxe6 39. Nb5 Rg8+ 40. Kh2 Nf4 41. Rd2 Rh8+ 42. Kg3 Kg5 43. Nxa7 Rh3+ 44. Kf2 Rh2+ 45. Ke3 d4+ 46. Rxd4 1-0

[Event "Early-Titled-Tuesday-Blitz-March-19-2024"]
[Site "Chess.com"]
[Date "2024.03.19"]
[Round "10"]
[White "Happy1712Drummer"]
[Black "bobo_panda"]
[Result "0-1"]
[WhiteElo "2449"]
[BlackElo "2357"]
[TimeControl "180+1"]
[EndTime "9:55:03 PDT"]
[Termination "bobo_panda won on time"]

1. e4 e6 2. d4 d5 3. e5 c5 4. c3 Nc6 5. Nf3 Bd7 6. Be2 f6 7. exf6 Nxf6 8. O-O Bd6 9. dxc5 Bxc5 10. b4 Bd6 11. a3 e5 12. Bg5 Be6 13. Re1 O-O 14. Bb5 e4 15. Bxc6 bxc6 16. Nd4 Bd7 17. h3 Qc7 18.
Nd2 h6 19. Be3 Nh7 20. c4 a5 21. Rc1 Qb7 22. cxd5 cxd5 23. b5 Bxa3 24. Rb1 Nf6 25. Qb3 Bb4 26. Red1 Rac8 27. Nf1 Rc3 28. Qa2 Kh8 29.
Ng3 Rfc8 30. Nge2 R3c4 31. Rbc1 Bxb5 32. Nxb5 Qxb5 33. Rxc4 Qxc4 34. Qxc4 Rxc4 35. Bd4 a4 36. Bxf6 gxf6 37. Rxd5 a3 38. Rd8+ Kh7 39. Ra8 Rc2 40. Nd4 Rc1+ 41. Kh2 Bd6+ 42. g3 Be5 43. Ra7+ Kg6 44.
Nb5 Bb2 45. Ra4 Bd4 46. Rxd4 a2 47. Ra4 a1=Q 48. Rxa1 Rxa1 49. Kg2 f5 50. Nd4 Ra2 0-1

[Event "Early-Titled-Tuesday-Blitz-March-19-2024"]
[Site "Chess.com"]
[Date "2024.03.19"]
[Round "10"]
[White "talaicito"]
[Black "xasid81"]
[Result "0-1"]
[WhiteElo "2324"]
[BlackElo "2596"]
[TimeControl "180+1"]
[EndTime "9:55:04 PDT"]
[Termination "xasid81 won on time"]

1. d4 Nf6 2. Nc3 e6 3. e4 d5 4.
e5 Nfd7 5. Nce2 c5 6. c3 Nc6 7.
Nf3 f6 8. exf6 Nxf6 9. g3 Bd6 10. Bf4 O-O 11. Bg2 Qe7 12. Bxd6 Qxd6 13. O-O e5 14. dxe5 Nxe5 15. Nxe5 Qxe5 16. Nf4 Rd8 17. Re1 Qd6 18. Qb3 c4 19. Qc2 Bd7 20. Rad1 Bc6 21. Re6 Qf8 22. Rde1 Re8 23. Qf5 Rxe6 24. Nxe6 Qe7 25. Re3 Ne4 26. Bxe4 dxe4 27. Nd4 Re8 28. Nxc6 bxc6 29. f3 Rf8 30.
Qxe4 Qc5 31. Kg2 h6 32. Re2 a5 33. a3 Qb5 34. Rd2 Kh8 35. h4 a4 36. g4 Qc5 37. Qd4 Qb5 38. Re2 c5 0-1

[Event "Early-Titled-Tuesday-Blitz-March-19-2024"]
[Site "Chess.com"]
[Date "2024.03.19"]
[Round "10"]
[White "arnash_bauyrzhan"]
[Black "guillembaches"]
[Result "0-1"]
[WhiteElo "2369"]
[BlackElo "2562"]
[TimeControl "180+1"]
[EndTime "9:55:04 PDT"]
[Termination "guillembaches won on time"]

1. e4 d5 2. exd5 Qxd5 3. Nc3 Qa5 4. d4 Nf6 5. Nf3 Bf5 6. Bc4 e6 7. O-O Bb4 8. Bd2 Nc6 9. a3 Bxc3 10. Bxc3 Qb6 11.
Bd3 Bg4 12. h3 Bh5 13. d5 Nxd5 14. Bxg7 Rg8 15. Bh6 O-O-O 16. Kh1 Ne5 17. Qe2 Nxf3 18. gxf3 Qd4 19. Rg1 Qh4 20. Kh2 Nf4 21. Bxf4 Qxf4+ 22.
Rg3 Rxg3 23. fxg3 Qxf3 24. Qxf3 Bxf3 25. Rf1 Bh5 26. g4 Bg6 27. Rf3 Rd7 28. Kg3 c5 29.
h4 Kd8 30. h5 Bxd3 31. cxd3 Ke7 32. Kf4 h6 33. g5 Rd4+ 0-1

[Event "Early-Titled-Tuesday-Blitz-March-19-2024"]
[Site "Chess.com"]
[Date "2024.03.19"]
[Round "10"]
[White "Boxerandchessplayer"]
[Black "gorgeous1083"]
[Result "0-1"]
[WhiteElo "2203"]
[BlackElo "2074"]
[TimeControl "180+1"]
[EndTime "9:55:05 PDT"]
[Termination "gorgeous1083 won by resignation"]

1. d4 Nf6 2. c4 e6 3. Nc3 d5 4. Bg5 Be7 5. e3 O-O 6. Nf3 c6 7. Rc1 h6 8. Bh4 Nbd7 9. Bd3 dxc4 10. Bxc4 c5 11. O-O cxd4 12. Nxd4 Ne5 13. Bb3 Ng6 14. Bg3 Bd6 15. Qf3 Ne5 16. Bxe5 Bxe5 17. Rfd1 Qa5 18. h3 Rd8 19. Ndb5 Bd7 20. Qe2 Bc6 21. Rxd8+ Rxd8 22. Na3 Bb8 23. Nc4 Qc7 24. g3 Qe7 25. Rd1 Ne4 26. Rxd8+ Qxd8 27. Nxe4 Bxe4 28. Qd2 Qc7 29. Qd4 Bc6 30. Qxa7 Bxa7 0-1

[Event "Early-Titled-Tuesday-Blitz-March-19-2024"]
[Site "Chess.com"]
[Date "2024.03.19"]
[Round "10"]
[White "KhazhatulyAlikhan"]
[Black "Shahdad2007"]
[Result "1/2-1/2"]
[WhiteElo "2478"]
[BlackElo "2601"]
[TimeControl "180+1"]
[EndTime "9:55:06 PDT"]
[Termination "Game drawn by repetition"]

1. e4 c5 2. Nf3 e6 3. d4 cxd4 4. Nxd4 Nc6 5. Nb3 a6 6. Bd3 Qc7 7. O-O Nf6 8. Nc3 b5 9. a3 Bb7 10. Qe2 Be7 11. Bd2 O-O 12. Rae1 Rac8 13. f4 d6 14. Kh1 Nd7 15. Rf3 g6 16. Rh3 Bf6 17.
Qe3 Qb6 18. Qg3 Bg7 19. Qh4 Nf6 20. e5 dxe5 21. fxe5 Nxe5 22. Rxe5 h5 23. Re2 Ng4 24. Qe1 Rfd8 25. Be3 Qc7 26. Bg1 Bd5 27. Nd2 Qf4 28. Nd1 Rc7 29. Ne3 Bb7 30. Nxg4 hxg4 31. Rg3 Bxb2 32.
Ne4 Bxa3 33. Rf2 Qc1 34. Nf6+ Kg7 35. Qe5 Bb2 36. Qxc7 Rf8 37. Nd7 Bd5 38. Nxf8 e5 39. Nd7 Bd4 40. Rxg4 Bxf2 41. Qxe5+ Kg8 42. Nf6+ Kf8 43.
Nd7+ Kg8 44. Nf6+ Kf8 45. Nd7+ Kg8 1/2-1/2

[Event "Early-Titled-Tuesday-Blitz-March-19-2024"]
[Site "Chess.com"]
[Date "2024.03.19"]
[Round "10"]
[White "Winner_7777"]
[Black "esrosenberg"]
[Result "1-0"]
[WhiteElo "2619"]
[BlackElo "2460"]
[TimeControl "180+1"]
[EndTime "9:55:06 PDT"]
[Termination "Winner_7777 won on time"]

1. d4 d5 2. c4 e6 3. Nc3 c5 4. cxd5 cxd4 5. Qa4+ Bd7 6. Qxd4 exd5 7.
Qxd5 Nf6 8. Qb3 Na6 9. Nf3 Nc5 10. Qd1 Qb6 11. g3 Rd8 12. Qc2 Bc6 13. Bg2 Nce4 14.
O-O Bc5 15. e3 Nxc3 16. bxc3 O-O 17. c4 Be4 18. Qb3 Qa6 19. Bb2 h6 20. Rfd1 Ng4 21. h3 Nf6 22. Nd4 Bxg2 23. Kxg2 b6 24. Qb5 Qb7+ 25. Qc6 Qa6 26. Nf5 Rc8 27. Qf3 Ne8 28. Nxg7 Nxg7 29. Qf6 Qb7+ 30. Rd5 1-0

[Event "Early-Titled-Tuesday-Blitz-March-19-2024"]
[Site "Chess.com"]
[Date "2024.03.19"]
[Round "10"]
[White "KVAIDAN"]
[Black "Cambek64"]
[Result "0-1"]
[WhiteElo "2322"]
[BlackElo "2500"]
[TimeControl "180+1"]
[EndTime "9:55:06 PDT"]
[Termination "Cambek64 won on time"]

1. f4 d5 2. Nf3 g6 3. e3 Bg7 4.
Be2 c5 5. O-O Nc6 6. d3 Nh6 7.
c3 O-O 8. e4 e6 9. h3 f5 10.
exd5 exd5 11. Qb3 Nf7 12. a4 b6 13. Na3 Re8 14. Qd1 d4 15. c4 Bb7 16. Bd2 Qd7 17. Nc2 a5 18. Na3 Re6 19. Ng5 Nxg5 20. fxg5 Rae8 21. Bf3 Nb4 22. Bxb4 axb4 23. Nb5 Bxf3 24. Qxf3 Re3 25. Qd5+ Qxd5 26. cxd5 Rd8 27. d6 Be5 28. a5 bxa5 29. Rxa5 Bxd6 30. Ra6 Be7 31. Ra7 Bxg5 32. Nc7 Re7 33. Nb5 Rxa7 34. Nxa7 Ra8 35. Nc6 Ra2 36. Rb1 b3 37. Ne5 Kg7 38. Nd7 Be7 39.
Kf2 Kf7 40. Ne5+ Ke6 41. Nc4 Kd5 42. Re1 Bg5 43. Re5+ Kc6 44. Re6+ Kc7 45. Rb6 Be3+ 46. Kf3 Rxb2 47. Rxb3 Rxb3 48. g3 Rxd3 49. g4 Bg5+ 0-1

[Event "Early-Titled-Tuesday-Blitz-March-19-2024"]
[Site "Chess.com"]
[Date "2024.03.19"]
[Round "10"]
[White "Horokoskii"]
[Black "IraZyne"]
[Result "1-0"]
[WhiteElo "2176"]
[BlackElo "2318"]
[TimeControl "180+1"]
[EndTime "9:55:07 PDT"]
[Termination "Horokoskii won by checkmate"]

1. c4 c5 2. Nc3 Nf6 3. g3 e6 4. Bg2 d5 5. Nf3 d4 6. Nb1 Nc6 7. d3 e5 8. O-O Bd6 9. Nbd2 O-O 10. Ng5 h6 11. Nge4 Be6 12. Nxf6+ Qxf6 13. Ne4 Qe7 14. a3 Rad8 15. b3 Rc8 16. Rb1 b6 17. Nxd6 Qxd6 18. f4 f6 19. fxe5 Nxe5 20. Bf4 g5 21. Bxe5 Qxe5 22. Qd2 Rce8 23. Rbe1 Bg4 24. Be4 f5 25. Bd5+ Kg7 26. Rf2 Qe3 27. Qxe3 Rxe3 28. Bf3 Bh3 29. Bg2 Bxg2 30. Kxg2 Kg6 31. Ref1 Re5 32. b4 Rfe8 33. Kg1 R8e6 34. Kh1 Rxe2 35. Rxf5 Rd2 36. g4 Rxd3 37. bxc5 bxc5 38. Rxc5 Rc3 39. Rc7 Rxa3 40. Rd7 d3 41. c5 Rc3 42. Rd1 Rxc5 43. Rxa7 Rc2 44.
Rd7 Ree2 45. Rd6+ Kg7 46. Rd7+ Kf8 47. R7xd3 Rxh2+ 48. Kg1 Rcg2+ 49. Kf1 Rxg4 50. Rd8+ Kf7 51. R1d6 Rf4+ 52. Kg1 Rhf2 53. R8d7+ Kg8 54. Rg6+ Kf8 55.
Rxh6 Ra2 56. Rh8# 1-0

[Event "Early-Titled-Tuesday-Blitz-March-19-2024"]
[Site "Chess.com"]
[Date "2024.03.19"]
[Round "10"]
[White "UNSTOPPABLE_LEGEND"]
[Black "Goryachkina"]
[Result "1-0"]
[WhiteElo "2530"]
[BlackElo "2641"]
[TimeControl "180+1"]
[EndTime "9:55:08 PDT"]
[Termination "UNSTOPPABLE_LEGEND won by resignation"]

1. d4 Nf6 2. Bf4 c5 3. e3 Qb6 4. Nc3 cxd4 5. exd4 a6 6. Bd3 Qxd4 7. Nge2 Qb6 8. O-O e6 9. Ng3 d5 10. Re1 Be7 11. Nh5 O-O 12. Qf3 Nbd7 13. Bg5 Qd8 14.
Nf4 b5 15. Qh3 g6 16. Bh6 b4 17. Bxf8 Bxf8 18. Nce2 e5 19. Nxd5 Nxd5 20. Be4 N7b6 21. Qg3 Bb7 22. Rad1 Qe7 23. h4 Nf6 24. Bxb7 Qxb7 25.
Qxe5 Nfd7 26. Qg3 Bg7 27. h5 Nf6 28. hxg6 hxg6 29. Nf4 Re8 30. Rxe8+ Nxe8 31. Nxg6 fxg6 32. Qxg6 Qc8 33. Qxb6 Nf6 34. Rd8+ 1-0

[Event "Early-Titled-Tuesday-Blitz-March-19-2024"]
[Site "Chess.com"]
[Date "2024.03.19"]
[Round "10"]
[White "kingofthenil"]
[Black "vladgoncharov"]
[Result "0-1"]
[WhiteElo "2759"]
[BlackElo "2622"]
[TimeControl "180+1"]
[EndTime "9:55:09 PDT"]
[Termination "vladgoncharov won by checkmate"]

1. Nf3 Nf6 2. g3 c5 3. d4 cxd4 4. Qxd4 Nc6 5. Qh4 d5 6. Bg2 Bf5 7. c4 dxc4 8. O-O Rc8 9. Nc3 e6 10. Rd1 Qa5 11. Qxc4 Be7 12. Nd4 O-O 13. Bxc6 bxc6 14.
Nxc6 Qc7 15. Nxe7+ Qxe7 16. Qh4 h6 17. e4 Rc4 18. f3 Qc5+ 19. Kg2 Bg6 20. Bxh6 Nxe4 21. Nxe4 Bxe4 22. fxe4 Rc2+ 23. Bd2 Qe3 24. Qf4 Qxf4 25. gxf4 Rd8 26. Kf1 Rdxd2 27. Ke1 Rxh2 28. Rd8+ Kh7 29. Kd1 Rxb2 30. Kc1 Rhc2+ 31. Kd1 Rh2 32. Kc1 Rbe2 33. Rd1 Rc2+ 34. Kb1 Rb2+ 35. Kc1 Rhc2# 0-1

[Event "Early-Titled-Tuesday-Blitz-March-19-2024"]
[Site "Chess.com"]
[Date "2024.03.19"]
[Round "10"]
[White "campochess"]
[Black "alvarorodriguezavila"]
[Result "1-0"]
[WhiteElo "2206"]
[BlackElo "2328"]
[TimeControl "180+1"]
[EndTime "9:55:09 PDT"]
[Termination "campochess won on time"]

1. Nf3 Nf6 2. b3 g6 3. Bb2 Bg7 4. e4 O-O 5. d3 c5 6. Be2 Nc6 7. O-O d6 8. Nbd2 e5 9. Nc4 Qe7 10. a4 d5 11. exd5 Nxd5 12. Re1 Qc7 13. Nfd2 Nf4 14.
Bf3 Be6 15. Ne4 b6 16. Ng5 Bd5 17. Bxd5 Nxd5 18. Qf3 Rad8 19. Qh3 h6 20. Ne4 Nf4 21. Qf3 Nd4 22. Bxd4 Rxd4 23. Re3 f5 24. Nc3 g5 25. Nb5 Qb8 26. Nxd4 cxd4 27. Ree1 g4 28. Qc6 Rf6 29. Qb5 Qa8 30. f3 gxf3 31. Kf2 fxg2 32. Rxe5 Nh3+ 33. Ke2 Rf8 34. Re7 f4 35. Qd7 Rf7 36. Re8+ 1-0

[Event "Early-Titled-Tuesday-Blitz-March-19-2024"]
[Site "Chess.com"]
[Date "2024.03.19"]
[Round "10"]
[White "picturesquecheck"]
[Black "AndresDelgado77"]
[Result "0-1"]
[WhiteElo "2428"]
[BlackElo "2346"]
[TimeControl "180+1"]
[EndTime "9:55:10 PDT"]
[Termination "AndresDelgado77 won by resignation"]

1. e4 e6 2. d4 d5 3. e5 c5 4. c3 Qb6 5. Nf3 Nc6 6. Be2 cxd4 7. cxd4 Nh6 8. Bxh6 Qxb2 9. Nbd2 gxh6 10. Rb1 Qc3 11. Rb3 Qa5 12. O-O Bg7 13. Qc2 O-O 14. Bb5 Bd7 15. Bd3 Rac8 16. Qb1 b6 17.
Bxh7+ Kh8 18. Rb5 Qc3 19. Rc1 Qxc1+ 20. Qxc1 Nxd4 21. Qb1 Rc1+ 22. Qxc1 Ne2+ 23. Kf1 Nxc1 24. Rb1 Nxa2 25. Bd3 Nc3 26. Rb3 Rc8 27. g3 Bf8 28.
Nd4 Ba4 29. Rb2 Ba3 30. Ba6 Rf8 31. Rb3 Bxb3 32. N4xb3 Na4 33. Bb5 Nc5 34. Kg2 Nxb3 35. Nxb3 Rc8 36. Nd4 Bb2 37. Nc6 Rc7 38. Nd8 Kg7 39.
f4 Ba3 40. h4 Be7 41. Nc6 a6 0-1

[Event "Early-Titled-Tuesday-Blitz-March-19-2024"]
[Site "Chess.com"]
[Date "2024.03.19"]
[Round "10"]
[White "Barmen_EV"]
[Black "yonaltimur"]
[Result "0-1"]
[WhiteElo "2560"]
[BlackElo "2395"]
[TimeControl "180+1"]
[EndTime "9:55:12 PDT"]
[Termination "yonaltimur won by checkmate"]

1. e4 c5 2. c3 d5 3. exd5 Qxd5 4. d4 Nc6 5. Nf3 Bg4 6. Be2 Nf6 7. O-O e6 8. Be3 cxd4 9. cxd4 Be7 10. Nc3 Qd7 11. h3 Bh5 12. a3 O-O 13. Qb3 Rfd8 14. Rfd1 Nd5 15. Rac1 Rac8 16. Nxd5 Qxd5 17. Bc4 Qa5 18.
d5 Bxf3 19. gxf3 Ne5 20. dxe6 Rxd1+ 21. Rxd1 Nxc4 22. exf7+ Kf8 23. Qxb7 Qc7 24. Qe4 Nxe3 25. Qxh7 Kxf7 26. Qh5+ Kg8 27. fxe3 Qg3+ 28. Kh1 Rf8 29. Rf1 Bd6 30. Qd5+ Rf7 31. f4 Qxh3+ 32. Kg1 Qxe3+ 33. Kg2 Qe2+ 34. Rf2 Qg4+ 35. Kf1 Bxf4 36. Qa8+ Kh7 37. Qh1+ Bh6 38. Rxf7 Qd1+ 39. Kg2 Qd5+ 40. Kh2 Qxf7 41. Qe4+ Qg6 42. Qd4 Qh5+ 43. Kg2 Qg5+ 44. Kh3 Qe3+ 45. Qxe3 Bxe3 46. b4 g5 47. a4 Kg6 48. Kg4 Bd2 49. b5 Kf6 50. Kf3 Kf5 51. Ke2 Ba5 52. Kf3 g4+ 53. Kg3 Bc7+ 54. Kg2 Kf4 55. Kf2 g3+ 56. Kg2 Kg4 57. a5 Bxa5 58. b6 Bxb6 59. Kh1 a5 60. Kg2 a4 61. Kh1 a3 62. Kg2 a2 63. Kf1 a1=Q+ 64. Ke2 g2 65. Kd3 g1=Q 66. Kc4 Qgd4+ 67. Kb5 Qa5+ 68. Kc6 Qac5+ 69.
Kb7 Qd7+ 70. Ka8 Qa7# 0-1

[Event "Early-Titled-Tuesday-Blitz-March-19-2024"]
[Site "Chess.com"]
[Date "2024.03.19"]
[Round "10"]
[White "Jojo_898"]
[Black "GelmanAlexander"]
[Result "0-1"]
[WhiteElo "2484"]
[BlackElo "2677"]
[TimeControl "180+1"]
[EndTime "9:55:12 PDT"]
[Termination "GelmanAlexander won on time"]

1. e4 c5 2. Nf3 e6 3. c3 b6 4.
Bd3 Bb7 5. O-O g5 6. Bc2 g4 7.
Ne1 h5 8. d4 Nf6 9. Nd2 cxd4 10. cxd4 Nc6 11. e5 Nd5 12. Ne4 Be7 13. Bb3 Na5 14. Ba4 Rc8 15. Nd3 Rc4 16. Ne1 Qa8 17. b3 Nc3 18. Nxc3 Rxc3 19. Bd2 Rc8 20. Bxa5 bxa5 21.
Rc1 Bb4 22. Rxc8+ Qxc8 23. Nd3 Qc3 24. Nc5 Bxc5 25. dxc5 Bd5 26. Qc1 Qxe5 27. c6 dxc6 28. Bxc6+ Ke7 29. Bxd5 Qxd5 30. Qc7+ Kf6 31. Qxa7 h4 32. Qe3 h3 33. Qf4+ Ke7 34. Qg3 f5 35. Rc1 Rc8 36. Qh4+ Kd7 37. Qh7+ Kd6 0-1

[Event "Early-Titled-Tuesday-Blitz-March-19-2024"]
[Site "Chess.com"]
[Date "2024.03.19"]
[Round "10"]
[White "Joachim100x"]
[Black "Yeritsyaan"]
[Result "0-1"]
[WhiteElo "2506"]
[BlackElo "2657"]
[TimeControl "180+1"]
[EndTime "9:55:13 PDT"]
[Termination "Yeritsyaan won by resignation"]

1. e4 g6 2. d4 Bg7 3. Nc3 c6 4. Nf3 d5 5. h3 dxe4 6. Nxe4 Nf6 7. Nxf6+ Bxf6 8. Bc4 O-O 9. O-O Nd7 10. c3 Nb6 11.
Bb3 Bf5 12. Re1 a5 13. a3 a4 14. Ba2 Qd6 15. Ne5 Nd7 16. Bf4 Nxe5 17. Bxe5 Bxe5 18. Rxe5 Bd7 19. Qe2 e6 20. Re1 b6 21.
h4 c5 22. dxc5 bxc5 23. h5 Rab8 24. h6 Rfc8 25. Bc4 Qf8 26. Qd2 Bb5 27. Ba2 Rd8 28.
Qf4 Bd7 29. R1e2 Bc8 30. g4 Rd1+ 31. Kh2 Ba6 32. R2e3 Bc8 33. Re2 Bd7 34. g5 Qd8 35. f3 Bb5 36. Rf2 Bd3 37. Rxe6 c4 38. Bxc4 Bxc4 39.
Qxc4 fxe6 40. Qxe6+ Kf8 41. Qe5 Qd6 42. f4 Qxe5 43.
fxe5+ Ke7 0-1